 Dungeon Crawl Stone Soup version 0.26.0-16-gc1dbca0489 (webtiles) character file.

Game seed: 15829722122447600771

10878 hatsuma the Grappler (level 11, 0/115 HPs)
             Began as a Troll Gladiator on Jan 21, 2021.
             Was a Believer of Uskayaw.
             Slain by a yak (5 damage)
             ... on level 11 of the Dungeon.
             The game lasted 01:16:03 (9142 turns).

hatsuma the Grappler (Troll Gladiator)              Turns: 9142, Time: 01:16:04

Health: 0/115      AC:  9    Str: 25    XL:     11   Next: 42%
Magic:  9/12       EV: 12    Int:  4    God:    Uskayaw [**....]
Gold:   598        SH:  0    Dex: 13    Spells: 10/10 levels left

rFire    + . .     SeeInvis .     - Unarmed
rCold    x . .     Faith    .   (no shield)
rNeg     + . .     Spirit   .   J - +2 robe {rN+}
rPois    .         Reflect  .   (helmet restricted)
rElec    .         Harm     .   G - +0 cloak
rCorr    .         Rampage  .   (gloves unavailable)
Will     .....                  (boots unavailable)
Stlth    ++........             (no amulet)
HPRegen  0.69/turn              e - +4 ring of slaying
MPRegen  0.13/turn              m - ring of fire

@: no status effects
A: large, unfitting armour, claws 3, regeneration 1, shaggy fur 1, tough skin 3
a: Renounce Religion, Stomp, Line Pass


You were on level 11 of the Dungeon.
You worshipped Uskayaw.
Uskayaw was noncommittal.
You visited 1 branch of the dungeon, and saw 11 of its levels.
You also visited: Ossuary.

You collected 598 gold pieces.

Inventory:

Missiles
 c - 3 throwing nets
 l - 314 stones
 u - 7 large rocks (quivered)
 v - 5 boomerangs
Armour
 G - a +0 cloak (worn)
 J - a +2 robe of positive energy (worn)
Jewellery
 a - a +6 ring of dexterity {unknown}
 e - a +4 ring of slaying (left claw)
 m - a ring of fire (right claw)
 I - the ring of the Tempest {+Fly rC+ MP+9 Int+4 Slay-3}
   (You found it on level 8 of the Dungeon)

   [ring of flight]

   It affects your intelligence (+4).
   It affects your accuracy and damage with ranged weapons and melee attacks
   (-3).
   It protects you from cold.
   It affects your magic capacity (+9).
   It lets you fly.
Wands
 n - a wand of digging (8)
Scrolls
 b - a scroll of holy word {unknown}
 d - 5 scrolls of enchant weapon
 f - 3 scrolls of magic mapping
 h - 8 scrolls of remove curse
 j - 3 scrolls of teleportation
 q - 6 scrolls of amnesia
 s - 2 scrolls of fog
 y - a scroll of immolation {unknown}
 K - 3 scrolls of blinking {unknown}
Potions
 g - 3 potions of berserk rage
 i - 2 potions of resistance
 k - 3 potions of flight
 o - 5 potions of attraction
 r - 4 potions of might
 t - 2 potions of brilliance
 w - 3 potions of curing
 x - 3 potions of invisibility
 z - 4 potions of lignification
 A - 2 potions of heal wounds {unknown}
 B - 3 potions of mutation
 C - 4 potions of cancellation
 D - a potion of experience {unknown}
 E - 2 potions of magic {unknown}
 F - 4 potions of haste
 H - 2 potions of ambrosia {unknown}


   Skills:
 - Level 9.0 Fighting
 - Level 3.5 Throwing
 - Level 5.1 Dodging
 - Level 2.9 Stealth
 + Level 11.5 Unarmed Combat
 - Level 3.2 Invocations
 - Level 2.6 Evocations


You had 10 spell levels left.
You didn't know any spells.
Your spell library contained the following spells:

 Spells                   Type           Power        Failure   Level
 Foxfire                  Conj/Fire      0%           50%         1
 Magic Dart               Conj           0%           50%         1
 Blink                    Tloc           N/A          65%         2
 Call Imp                 Summ           0%           65%         2
 Slow                     Hex            0%           65%         2
 Conjure Flame            Conj/Fire      0%           86%         3
 Inner Flame              Hex/Fire       0%           86%         3
 Mephitic Cloud           Conj/Pois/Air  0%           86%         3
 Sticky Flame             Conj/Fire      0%           99%         4
 Fireball                 Conj/Fire      0%           100%        5


Dungeon Overview and Level Annotations

Branches:
Dungeon (11/15)            Temple (0/1) D:7            Lair (0/6) D:8
Ossuary (visited)
    Orc: D:9-12

Altars:
Makhleb
Nemelex Xobeh
Qazlal
Ru
Sif Muna
Uskayaw
Vehumet
Xom
Yredelemnul

Shops:
D:9 *

Annotations:
D:7 1 runed translucent door, Crazy Yiuf
D:10 3 runed translucent doors, zcampers's ghost, novice MiBe


Innate Abilities, Weirdness & Mutations

You are too large for most types of armour.
You have claws for hands.
Your natural rate of healing is unusually fast.
You are covered in fur. (AC +1)
You have extremely tough skin. (AC +3)


Message History

The yak is almost dead.
The yak misses you. The yak gores you! x2
* * * LOW HITPOINT WARNING * * *
The yak gores you.
* * * LOW HITPOINT WARNING * * *
You mangle the yak!!
You kill the yak!
The yak gores you.
* * * LOW HITPOINT WARNING * * *
The yak gores you!
* * * LOW HITPOINT WARNING * * *
The yak gores you.
* * * LOW HITPOINT WARNING * * *
The yak closely misses you. The yak misses you.
The yak gores you but does no damage. The yak barely misses you.
The yak gores you!
* * * LOW HITPOINT WARNING * * *
The yak gores you.
You die...

#### #..### ##....#
##....## #### ###†.....#
###
#...##......######.####
#....#......###.@Y....##.#
.............#..YYYT......
....<....#...#.....)......
................†...####.#
.........#...##..†..#
................#...#
....................#
.....................#
..............#.#.....


You could see 4 yaks and a troll.

Vanquished Creatures
  Harold (D:9)
  Erolcha (D:9)
  2 two-headed ogres
  A cyclops (D:11)
  Joseph (D:9)
  A troll (D:11)
  Grinder (D:4)
  A wraith (D:10)
  A wyvern (D:9)
  2 vampires (D:9)
  3 yaks
  Menkaure (D:4)
  Edmund (D:6)
  Duvessa (D:6)
  2 orc warriors
  3 sky beasts (D:9)
  A black bear (D:8)
  2 ice beasts
  2 phantoms
  3 necrophages
  5 ogres
  3 centaurs
  2 big kobolds
  Blork the orc (D:6)
  4 bullfrogs
  Dowan (D:6)
  5 scorpions
  A water moccasin skeleton (D:4)
  A wyvern skeleton (D:9)
  26 wights
  3 howler monkeys (D:8)
  A centaur skeleton (D:10)
  4 centaur zombies
  A quasit (D:9)
  6 hounds
  7 orc priests
  A human zombie (Ossuary)
  5 jellies
  6 orc wizards
  4 bullfrog skeletons
  Jessica (D:3)
  Natasha (twice) (D:2)
  2 iguanas
  9 worker ants
  2 ogre zombies (Ossuary)
  A big kobold zombie (Ossuary)
  A hound skeleton (D:9)
  7 mummies (Ossuary)
  Robin (D:3)
  2 worker ant zombies
  3 gnolls (D:6)
  14 adders
  4 shadow imps
  A white imp (D:5)
  3 adder zombies
  3 adder skeletons
  3 worms (D:2)
  2 dart slugs (D:1)
  5 leopard geckos
  20 orcs
  2 ball pythons
  5 bats
  4 giant cockroaches
  16 goblins
  9 hobgoblins
  13 jackals
  13 kobolds
  7 quokkas
  2 ball python skeletons
  2 frilled lizards (D:2)
  4 goblin zombies (Ossuary)
  8 hobgoblin zombies (Ossuary)
  A jackal skeleton (D:5)
  A jackal zombie (D:7)
  4 kobold zombies (Ossuary)
  A quokka skeleton (D:6)
  3 quokka zombies (Ossuary)
  8 rats
  2 rat zombies (Ossuary)
  A butterfly (D:7)
310 creatures vanquished.

Vanquished Creatures (collateral kills)
  A gnoll (D:6)
1 creature vanquished.

Vanquished Creatures (others)
  An orc wizard (D:5)
  A quokka skeleton (D:9)
  3 fungi
  18 plants
23 creatures vanquished.

Grand Total: 334 creatures vanquished

Notes
Turn   | Place    | Note
-------+----------+-------------------------------------------
     0 | D:1      | hatsuma the Troll Gladiator began the quest for the Orb.
     0 | D:1      | Reached XP level 1. HP: 19/19 MP: 0/0
   187 | D:1      | Reached XP level 2. HP: 28/28 MP: 1/1
   759 | D:2      | Noticed Natasha
   766 | D:2      | Killed Natasha
   767 | D:2      | Reached skill level 4 in Unarmed Combat
   767 | D:2      | Reached XP level 3. HP: 21/35 MP: 2/2
  1049 | D:2      | Reached XP level 4. HP: 44/44 MP: 3/3
  1130 | D:2      | Found a sacrificial altar of Ru.
  1526 | D:2      | Noticed Natasha
  1532 | D:2      | Killed Natasha
  1627 | D:2      | Reached XP level 5. HP: 51/53 MP: 4/4
  1905 | D:3      | Noticed Jessica
  1917 | D:2      | Reached skill level 5 in Unarmed Combat
  1927 | D:3      | Killed Jessica
  2132 | D:3      | Noticed Robin
  2142 | D:3      | Reached skill level 1 in Stealth
  2167 | D:3      | Killed Robin
  2484 | D:4      | Found a shimmering altar of Xom.
  2504 | D:4      | Noticed Grinder
  2512 | D:4      | Paralysed by Grinder for 3 turns
  2521 | D:4      | Reached XP level 6. HP: 34/61 MP: 5/5
  2522 | D:4      | Killed Grinder
  2587 | D:4      | Noticed Menkaure
  2592 | D:4      | Killed Menkaure
  2593 | D:4      | Reached skill level 1 in Evocations
  2593 | D:4      | Reached XP level 7. HP: 67/67 MP: 6/6
  3177 | D:5      | Entered Level 5 of the Dungeon
  3284 | D:5      | Reached skill level 6 in Unarmed Combat
  3747 | D:5      | Reached XP level 8. HP: 50/78 MP: 7/7
  4091 | D:5      | Found a shimmering blue altar of Sif Muna.
  4131 | D:6      | Found a sand-covered staircase.
  4144 | Ossuary  | Entered an ossuary
  4172 | Ossuary  | Reached skill level 7 in Unarmed Combat
  4524 | Ossuary  | Reached skill level 5 in Fighting
  4608 | D:6      | Noticed Edmund
  4621 | D:6      | Killed Edmund
  4693 | D:6      | Noticed Blork the orc
  4700 | D:6      | Killed Blork the orc
  4731 | D:6      | Reached skill level 8 in Unarmed Combat
  4843 | D:6      | Noticed a +0 dagger
  4844 | D:6      | Noticed a +0 dagger
  4845 | D:6      | Found a hide-covered altar of Uskayaw.
  4847 | D:6      | Noticed Dowan
  4849 | D:6      | Noticed Duvessa
  4860 | D:6      | Killed Duvessa
  4866 | D:6      | Killed Dowan
  4872 | D:6      | Became a worshipper of Uskayaw the Reveller
  4906 | D:6      | Reached * piety under Uskayaw
  4907 | D:6      | Reached XP level 9. HP: 86/88 MP: 8/8
  4994 | D:6      | Reached ** piety under Uskayaw
  4997 | D:6      | Reached skill level 1 in Invocations
  5514 | D:7      | Reached *** piety under Uskayaw
  5525 | D:7      | Reached **** piety under Uskayaw
  5538 | D:7      | Reached ***** piety under Uskayaw
  5751 | D:7      | Found a runed translucent door.
  5752 | D:7      | Noticed Crazy Yiuf
  5906 | D:7      | Found a radiant altar of Vehumet.
  5929 | D:7      | Found a staircase to the Ecumenical Temple.
  6035 | D:7      | Found a basalt altar of Yredelemnul.
  6132 | D:8      | Found a stormy altar of Qazlal.
  6170 | D:8      | Reached skill level 9 in Unarmed Combat
  6300 | D:8      | Found a staircase to the Lair.
  6311 | D:8      | Reached skill level 10 in Unarmed Combat
  6399 | D:8      | Noticed a two-headed ogre
  6617 | D:8      | Killed a two-headed ogre
  6618 | D:8      | Reached XP level 10. HP: 78/102 MP: 10/10
  6669 | D:8      | Got a shimmering lapis lazuli ring
  6671 | D:8      | Identified the ring of the Tempest {+Fly rC+ MP+9 Int+4
                  | Slay-3} (You found it on level 8 of the Dungeon)
  7247 | D:9      | Noticed Erolcha
  7251 | D:9      | Found a sparkling altar of Nemelex Xobeh.
  7393 | D:9      | Noticed Joseph
  7404 | D:9      | Killed Joseph
  7597 | D:9      | Found Naott's Demolitions Depot.
  7634 | D:9      | Found a burning altar of Makhleb.
  7697 | D:9      | Noticed Harold
  7709 | D:9      | Killed Harold
  7710 | D:9      | Reached skill level 11 in Unarmed Combat
  8107 | D:9      | Paralysed by Erolcha for 6 turns
  8123 | D:9      | Killed Erolcha
  8124 | D:9      | Reached skill level 5 in Dodging
  8124 | D:9      | Reached XP level 11. HP: 57/115 MP: 6/11
  8300 | D:10     | Entered Level 10 of the Dungeon
  8498 | D:10     | Noticed a two-headed ogre
  8504 | D:10     | Killed a two-headed ogre
  8902 | D:10     | Found a runed translucent gate.
  8903 | D:10     | Found a runed translucent gate.
  8904 | D:10     | Found a runed translucent gate.
  8904 | D:10     | Noticed zcampers's ghost (novice MiBe)
  9141 | D:11     | HP: 5/115 [yak (10)]
  9142 | D:11     | Slain by a yak

Illustrated notes

Levels and vault maps discovered:
D:1:      lightli_arrival_flooded_house, layout_basic
D:2:      minmay_chambers_of_twos, layout_loops_corners,
          nicolae_overflow_hidden_temple, serial_forest,
          infiniplex_forest_clump_small, infiniplex_forest_lined_3_way,
          infiniplex_forest_clump_small, infiniplex_forest_clump_double,
          infiniplex_forest_lined_corner, infiniplex_forest_end_3,
          infiniplex_forest_clump_diagonal, infiniplex_forest_clump_diagonal,
          infiniplex_forest_3_way, uniq_natasha
D:3:      layout_rooms, uniq_robin, uniq_jessica
D:4:      layout_loops_corners, lemuel_crystal_altar, uniq_menkaure,
          uniq_grinder
D:5:      layout_cave_pools, lemuel_blue_sif_altar
D:6:      layout_cave_pods, dancing_weapons_uskayaw, enter_ossuary_1,
          uniq_edmund, uniq_blork_the_orc, uniq_duvessa
D:7:      layout_rooms, general_overflow_altar, marbit_many_paths,
          minmay_temple_entry_butterflies, uniq_crazy_yiuf_cottage
D:8:      layout_gridville, lemuel_doored_altar, grunt_lair_entry_orc_guard_hut
D:9:      layout_loops_ring, makhleb_blood_cavern_becter,
          nemelex_xobeh_ov_fountains_minmay, nicolae_blasting_shop,
          kennysheep_small_square, uniq_erolcha, uniq_harold, uniq_joseph
D:10:     layout_long_grid, gammafunk_ghost_nasty_kobolds, grunt_ministairs_11
D:11:     layout_cave_pools, enter_bailey_3, uniq_nergalle

Skill      XL: |  1  2  3  4  5  6  7  8  9 10 11 |
---------------+----------------------------------+-----
Fighting       | 2 3 4 5 7 9 |  9.0
Throwing       | 2 3 |  3.5
Unarmed Combat | 4 5 6 8 10 11 | 11.5
Stealth        | 1 2 |  2.9
Evocations     | 1 2 |  2.6
Dodging        | 3 5 |  5.1
Invocations    | 2 3 |  3.2

Action                   |  1- 3 |  4- 6 |  7- 9 | 10-12 || total
-------------------------+-------+-------+-------+-------++-------
Melee: Unarmed           |    53 |   135 |   350 |   230 ||   768
       Punch             |     1 |     2 |    16 |    12 ||    31
Throw: Throwing net      |       |     1 |       |       ||     1
       Stone             |       |     2 |    42 |       ||    44
       Boomerang         |       |       |    13 |       ||    13
       Large rock        |       |       |     2 |     8 ||    10
Invok: Stomp             |       |       |     4 |       ||     4
       Line Pass         |       |       |     3 |     7 ||    10
  Use: Scroll            |       |     7 |     7 |     4 ||    18
       Potion            |       |     1 |       |       ||     1
 Stab: Sleeping          |     1 |     1 |    13 |     5 ||    20
       Paralysed         |       |       |    10 |    11 ||    21
Armor: Robe              |    14 |    33 |    79 |    59 ||   185
Dodge: Dodged            |    19 |    37 |   146 |   127 ||   329
